 Dungeon Crawl Stone Soup version 0.31-a0-344-gd109795599 (webtiles) character file.

Game seed: 13319121385001074158

1751 LustLizard the Grappler (level 9, 0/61 HPs)
             Began as an Octopode Shapeshifter on July 21, 2023.
             Was a Believer of Uskayaw.
             Slain by an orc
             ... wielding a +0 club
              (3 damage)
             ... on level 7 of the Dungeon.
             The game lasted 00:11:15 (5999 turns).

LustLizard the Grappler (Octopode Shapeshifter)     Turns: 5999, Time: 00:11:16

Health: 0/61       AC:  5    Str: 16    XL:     9   Next: 6%
Magic:  9/9        EV: 13    Int: 13    God:    Uskayaw [**....]
Gold:   116        SH:  0    Dex: 12    Spells: 8/8 levels left

rFire   . .          .
                       - Unarmed
rCold   . . .        (no shield)
rNeg    . . .        (helmet currently unavailable)
rPois   .            (no amulet)
rElec   .            g - ring of wizardry
rCorr   .            v - +4 ring of slaying
SInv    .            y - +4 ring of protection
Will    .....        (no ring)
Stlth   ++++         (no ring)
HPRegen 0.30/turn    (no ring)
MPRegen 0.11/turn    (no ring)
                     (no ring)

%: wizardry (x1)
@: beast-form
A: beast (slay +3), almost no armour, amphibious, 8 rings, camouflage 1,
gelatinous body 1, (nimble swimmer 1), tentacles
a: Begin Untransformation, Renounce Religion, Stomp, Line Pass


You were on level 7 of the Dungeon.
You worshipped Uskayaw.
Uskayaw was noncommittal.
You were a hulking beast.
You visited 1 branch of the dungeon, and saw 7 of its levels.
You also visited: Sewer.

You collected 226 gold pieces.
You spent 110 gold pieces at shops.

Inventory:

Missiles
 c - 11 poisoned darts
 i - 3 atropa-tipped darts
 D - a throwing net
Jewellery
 g - a ring of wizardry (left tentacle)
 v - a +4 ring of slaying (right tentacle)
 y - a +4 ring of protection (on tentacle)
Talismans
 b - a beast talisman
 o - a granite talisman
 s - a maw talisman
Wands
 k - a wand of paralysis (10)
 q - a wand of polymorph (21)
 E - a wand of roots (12)
Scrolls
 e - 3 scrolls of amnesia
 f - 2 scrolls of fear
 h - a scroll of poison
 j - 3 scrolls of teleportation
 l - 3 scrolls of noise {unknown}
 m - 2 scrolls of revelation {unknown}
 n - a scroll of blinking
 A - a scroll of summoning
 B - a scroll of immolation
 C - a scroll of enchant weapon
Potions
 a - a potion of lignification
 d - a potion of berserk rage
 p - 2 potions of curing
 r - a potion of invisibility
 t - a potion of mutation
 u - 3 potions of brilliance
 w - 7 potions of enlightenment
 z - a potion of magic
 F - a potion of degeneration {unknown}


   Skills:
 + Level 5.3 Fighting
 - Level 2.0 Dodging
 - Level 5.0 Stealth
 * Level 8.2 Unarmed Combat
 + Level 5.3 Shapeshifting


You had 8 spell levels left.
You didn't know any spells.
Your spell library contained the following spells:

 Spells                   Type           Power      Damage    Failure   Level
 Tukima's Dance           Hex            0%         N/A       34%         3
 Passage of Golubria      Tloc           0%         N/A       73%         4
 Summon Forest            Summ/Tloc      0%         N/A       96%         5
 Yara's Violent Unravell  Hex/Tmut       0%         3d3       96%         5
 Eringya's Noxious Bog    Tmut/Pois      0%         4d6       100%        6
 Summon Hydra             Summ           0%         N/A       100%        7


Dungeon Overview and Level Annotations

Branches:
Dungeon (7/15)             Temple (0/1) D:5           Sewer (visited)

Altars:
Ashenzari
Fedhas
Gozag
Ru
Trog
Uskayaw
Wu Jian

Shops:
D:1 *   D:4 :*

Annotations:
D:3 1 transporter


Innate Abilities, Weirdness & Mutations

You are a hulking beast.
Your limbs bulge with bestial killing power. (Slay +3)
You cannot wear most types of armour.
You are amphibious.
You can wear up to eight rings at the same time.
Your skin changes colour to match your surroundings (Stealth+).
Your rubbery body absorbs attacks. (AC +1, EV +1)
((You are camouflaged when in or above water. (Stealth+)))
You have tentacles for arms and can constrict up to eight enemies at once.


Message History

The orc burns you. Something hits you but does no damage.
The orc closely misses you.
You tentacle-slap the orc priest.
The orc priest is moderately wounded.
You barely miss the orc priest. Your squeeze misses the orc priest.
The orc priest is moderately wounded.
You feel less confused. The orc priest hits you with a +0 club.
The orc misses you. Something hits you. The orc misses you.
You tentacle-slap the orc priest. You grab the orc priest.
The orc priest is heavily wounded.
You constrict the orc priest.
The orc priest hits you but does no damage.
The orc hits you with the +10 hand axe of Impermanence {flame, Int+4}.
The orc burns you. Something hits you. The orc hits you with a +0 club.
You tentacle-slap the orc priest.
The orc priest is severely wounded.
You constrict the orc priest, but do no damage.
The orc priest miscasts a cantrip.
The orc hits you with the +10 hand axe of Impermanence {flame, Int+4}!
* * * LOW HITPOINT WARNING * * *
The orc burns you.
* * * LOW HITPOINT WARNING * * *
Something hits you but does no damage. The orc barely misses you.
You bludgeon the orc priest!
You kill the orc priest!
Something hits you.
* * * LOW HITPOINT WARNING * * *
The orc hits you with the +10 hand axe of Impermanence {flame, Int+4}.
* * * LOW HITPOINT WARNING * * *
The orc burns you.
* * * LOW HITPOINT WARNING * * *
The orc closely misses you.
You feel better. Something completely misses you.
The orc hits you with the +10 hand axe of Impermanence {flame, Int+4}!
* * * LOW HITPOINT WARNING * * *
The orc burns you.
* * * LOW HITPOINT WARNING * * *
The orc hits you with a +0 club.
You die...

#####################
#....................
#......).............
#....................
#....................
#....................
#######...{)...............
..........ho).............)
...........o...............
...........................
.....!...............<.....
...........................
#####+#....................
#....................
#....................
#....................


You could see 2 orcs.

Vanquished Creatures
  Edmund (D:6)
  An acid dragon (D:7)
  An ice beast (D:6)
  A sky beast (D:6)
  2 black bears
  2 ogres
  A phantom (D:4)
  A kobold brigand (Sewer)
  5 scorpions
  An electric eel (D:6)
  An orc priest (D:7)
  3 hounds
  5 iguanas
  An orc wizard (D:7)
  2 sleepcaps
  A river rat (Sewer)
  7 adders
  A shadow imp (D:6)
  An ufetubus (D:5)
  A worm (D:2)
  9 dart slugs
  6 orcs
  5 ball pythons
  6 endoplasms
  9 giant cockroaches
  2 goblins (D:2)
  4 hobgoblins
  10 jackals
  3 quokkas
  6 bats
  2 frilled lizards
  10 kobolds
  9 rats
120 creatures vanquished.

Notes
Turn   | Place    | Note
-------+----------+-------------------------------------------
     0 | D:1      | LustLizard the Octopode Shapeshifter began the quest for
                  | the Orb.
     0 | D:1      | Reached XP level 1. HP: 13/13 MP: 1/1
   286 | D:1      | Reached XP level 2. HP: 14/18 MP: 2/2
   431 | D:1      | Reached skill level 1 in Stealth
   485 | D:1      | Found Ymuuxim's General Store.
   705 | D:2      | Reached XP level 3. HP: 11/23 MP: 3/3
  1079 | D:2      | Reached XP level 4. HP: 26/29 MP: 4/4
  1544 | D:2      | Identified the +4 whip "Ceoc" {chaos, rCorr}
  2208 | D:3      | Found a transporter.
  2226 | D:3      | Found a transporter.
  2339 | D:3      | Reached skill level 4 in Unarmed Combat
  2369 | D:3      | Found a sacrificial altar of Ru.
  2948 | D:4      | Found a hide-covered altar of Uskayaw.
  2955 | D:4      | Became a worshipper of Uskayaw the Reveller
  2984 | D:4      | Noticed a phantom
  2989 | D:4      | Reached * piety under Uskayaw
  2990 | D:4      | Reached ** piety under Uskayaw
  2991 | D:4      | Killed a phantom
  2992 | D:4      | Reached XP level 5. HP: 29/35 MP: 5/5
  3030 | D:4      | Found Pyibruer's Tremendous Tomes.
  3132 | D:4      | Found a glowing drain.
  3250 | Sewer    | Entered a sewer
  3291 | Sewer    | Noticed a kobold brigand
  3300 | Sewer    | Killed a kobold brigand
  3300 | Sewer    | Reached *** piety under Uskayaw
  3301 | Sewer    | Reached XP level 6. HP: 35/41 MP: 6/6
  3357 | Sewer    | Found a white marble altar of Elyvilon.
  3511 | D:4      | Reached skill level 5 in Unarmed Combat
  3639 | D:4      | Found a blossoming altar of Fedhas.
  3643 | D:4      | Found an ornate altar of the Wu Jian Council.
  3669 | D:4      | Found a broken altar of Ashenzari.
  3671 | D:4      | Found a bloodstained altar of Trog.
  3882 | D:4      | Found Exteabo's Assorted Antiques.
  3887 | D:4      | Bought a glowing glass ring for 110 gold pieces
  4002 | D:5      | Entered Level 5 of the Dungeon
  4018 | D:5      | Reached XP level 7. HP: 46/46 MP: 7/7
  4157 | D:5      | Found a staircase to the Ecumenical Temple.
  4200 | D:5      | Reached skill level 6 in Unarmed Combat
  4244 | D:5      | Reached skill level 5 in Stealth
  4662 | D:5      | Reached XP level 8. HP: 52/54 MP: 8/8
  5139 | D:6      | Noticed Edmund
  5148 | D:6      | Killed Edmund
  5149 | D:6      | Reached skill level 7 in Unarmed Combat
  5369 | D:6      | Reached skill level 5 in Shapeshifting
  5692 | D:7      | Reached skill level 5 in Fighting
  5796 | D:7      | Reached skill level 8 in Unarmed Combat
  5876 | D:7      | Found an opulent altar of Gozag.
  5982 | D:7      | Reached XP level 9. HP: 61/61 MP: 9/9
  5983 | D:7      | Identified the +10 hand axe of Impermanence {flame, Int+4}
  5998 | D:7      | HP: 3/61 [orc/the +10 hand axe of Impermanence {flame,
                  | Int+4} (3)]
  5999 | D:7      | Slain by an orc

Illustrated notes

Levels and vault maps discovered:
D:1:      dpeg_arrival_water_temple_mockup, layout_basic, serial_shops, shop
D:2:      layout_basic, minmay_quantized
D:3:      gammafunk_wand_slinger, layout_loops_ring,
          nicolae_ru_sacrificial_ziggurat
D:4:      layout_loops_cross, nicolae_uskayaw_murder_on_the_dancefloor,
          nicolae_overflow_hidden_temple, serial_shops, kennysheep_little_box,
          gup_sewer_entry_pipe, nicolae_shop_i_like_big_books
D:5:      layout_loops_ring, minmay_temple_entry_statues
D:6:      kennysheep_slugbush, layout_loops_ring, ebering_dispersal_statue_hall,
          hangedman_decor_clover_reticule, uniq_edmund
D:7:      layout_gridville, mainiacjoe_overflow_six_doors_small, uniq_duvessa

Skill      XL: |  1  2  3  4  5  6  7  8 |
---------------+-------------------------+-----
Stealth        | 1 2 3 4 5 |  5.0
Fighting       | 2 3 5 |  5.3
Unarmed Combat | 4 5 6 8 |  8.2
Shapeshifting  | 4 5 |  5.3
Dodging        | |  2.0

Action                     |  1- 3 |  4- 6 |  7- 9 || total
---------------------------+-------+-------+-------++-------
  Melee: Unarmed           |    58 |    80 |    84 ||   222
         Constrict         |    15 |    26 |    26 ||    67
         Tentacles         |     5 |    15 |    27 ||    47
         Punch             |     2 |     3 |     3 ||     8
  Throw: Dart              |       |     9 |    11 ||    20
    Use: Scroll            |       |     4 |    10 ||    14
         Potion            |       |       |     3 ||     3
   Stab: Sleeping          |     5 |    21 |    10 ||    36
         Paralysed         |       |     1 |       ||     1
         Distracted        |       |       |     1 ||     1
 Armour: Skin              |     8 |       |    26 ||    34
  Dodge: Dodged            |    45 |    37 |    36 ||   118

Table legend: (Time is in decaauts)
 A = Elapsed time spent in this place.
 B = Non-inter-level travel time spent in this place.
 C = Inter-level travel time spent in this place.
 D = Time resting spent in this place.
 E = Time spent auto-exploring this place.
 F = Levels seen in this place.
 G = Mean time per level.
                   A        B        C        D        E       F      G
               +--------+--------+--------+--------+--------+-----+--------+
         Total |   5975 |   5639 |    336 |    427 |   4142 |   8 |  746.9 |
       Dungeon |   5796 |   5460 |    336 |    427 |   4005 |   7 |  828.0 |
         Sewer |    178 |    178 |      0 |      0 |    137 |   1 |  178.0 |
               +--------+--------+--------+--------+--------+-----+--------+

Top non-repeatable levels by time:
     D:3: 1134 daAuts
     D:2: 1110 daAuts
     D:6: 958 daAuts
     D:4: 874 daAuts
     D:5: 773 daAuts
     D:1: 691 daAuts
     D:7: 253 daAuts
   Sewer: 178 daAuts
